[Event "TUR-ch Veterans 2020"]
[Site "Antalya-Belek"]
[Date "2020.01.20"]
[Round "2"]
[White "Cicek, Cemil"]
[Black "Atas, Remzi"]
[Result "1-0"]
[ECO "D38"]
[WhiteElo "1940"]
[BlackElo "1498"]
[Annotator "NA"]
[PlyCount "93"]
[EventDate "2020.01.19"]
[EventCountry "TUR"]
[SourceTitle "playchess.com"]
[Source "ChessBase"]
[SourceQuality "1"]
[TimeControl "5400+30"]

1. d4 Nf6 2. Nf3 e6 3. c4 c6 4. Nc3 Bb4 5. Qc2 d5 6. cxd5 exd5 7. Bg5 O-O {[%emt 0:02:30] D38: Queen's Gambit Declined: Ragozin Defence (4 Nf3 Bb4)} 8. e3 Bg4 9. Ne5 Bh5 10. Bd3 Bg6 11. O-O $146 ({Predecessor:} 11. Nxg6 hxg6 12. h4 Qd6 13. h5 Nxh5 14. O-O-O Re8 15. Rh3 Nd7 16. Rdh1 Qe6 17. Ne2 Bd6 18. Nf4 Bxf4 19. exf4 Qg4 20. f3 Qe6 21. f5 {1-0 (21) Saduakassova,D (2460)-Shuvalova,P (2385) Riadh 2017}) 11... Be7 12. f4 Bxd3 13. Qxd3 Nbd7 14. a3 Rc8 15. b4 Ne8 16. Qf5 Ndf6 17. Rac1 Nd6 18. Qd3 Nfe4 19. Bxe7 Qxe7 20. Na4 f6 21. Ng4 Rfe8 22. Rf3 Qe6 23. h3 Re7 24. Rcf1 Rce8 25. f5 Qf7 26. Nf2 Ng5 27. Rg3 Nc4 28. Re1 h5 (28... Kh8 $17 29. Nc3 Qh5) 29. h4 Ne4 30. Nxe4 Rxe4 31. Nc5 Rxh4 32. Ne6 g5 (32... Rg4 $17 33. Rxg4 hxg4) 33. e4 Nd6 34. e5 (34. Nxg5 $11 fxg5 35. Rxg5+ Kh8 36. Qg3 Rhxe4 37. Rf1) 34... Ne4 35. Rf3 $1 Rg4 36. b5 Qd7 37. Rc1 h4 (37... Rc8 $5 38. Nc5 Qf7 $15) 38. a4 Rc8 ({Black should try} 38... Rg3 $11) 39. Qc2 Qh7 40. bxc6 Rxc6 41. Qd1 (41. Qb2 $14 Rxc1+ 42. Qxc1) 41... h3 42. Rxc6 Rxg2+ 43. Kh1 bxc6 44. Qb3 $11 Nf2+ 45. Rxf2 Rxf2 46. Qb8+ Kf7 47. Qf8# 1-0

[Event "TUR-ch Veterans 2020"]
[Site "Antalya-Belek"]
[Date "2020.01.20"]
[Round "2"]
[White "Karadag, Eflatun Cem"]
[Black "Yilmaz, Turhan"]
[Result "0-1"]
[ECO "B26"]
[WhiteElo "1801"]
[BlackElo "2132"]
[Annotator "ChessBase"]
[PlyCount "132"]
[EventDate "2020.01.19"]
[EventCountry "TUR"]
[SourceTitle "playchess.com"]
[Source "ChessBase"]
[SourceQuality "1"]
[TimeControl "5400+30"]

1. e4 c5 2. Nc3 Nc6 3. g3 g6 4. Bg2 Bg7 5. d3 e6 6. Be3 d6 7. Qd2 Qa5 8. Nge2 Nd4 9. O-O Ne7 10. a3 Bd7 11. Rfb1 Qc7 12. Rc1 O-O 13. Rab1 Rfc8 14. Bh6 Bh8 15. Rf1 Rab8 16. f4 f5 17. Rbe1 Re8 18. Nd1 b5 19. c3 Nxe2+ 20. Rxe2 b4 21. Ne3 bxc3 22. bxc3 Rb3 23. Bg5 fxe4 24. dxe4 Bxc3 25. Qc2 c4 26. Ng4 Bd4+ 27. Kh1 Rc3 28. Qd1 Rd3 29. Rd2 Bb5 30. Rxd3 cxd3 31. Nf6+ Bxf6 32. Bxf6 Kf7 33. Ba1 Rf8 34. f5 exf5 35. exf5 Ke8 36. f6 Nf5 37. g4 Nh6 38. Re1+ Kd8 39. Re7 Qc2 40. Qxc2 dxc2 41. Re1 Nxg4 42. Bb2 Nxf6 43. Re6 Ne8 44. Kg1 Kd7 45. Bh3 Kc6 46. Re7 Nc7 47. Bd7+ Kb6 48. Bh3 Rf4 49. Bc1 Rd4 50. Be3 Kc6 51. Bg2+ Nd5 52. Kf2 Rd1 53. Rxa7 c1=Q 54. Bxc1 Rxc1 55. Rxh7 Rc2+ 56. Kg3 Bd3 57. Rh8 Bf5 58. a4 Rc3+ 59. Kf2 Kc5 60. a5 Ra3 61. Ra8 Nc7 62. Ra7 Ra2+ 63. Kf3 Nb5 64. Ra6 Bc8 65. Ra8 Bb7+ 66. Ke3 Ra1 0-1

[Event "TUR-ch Veterans 2020"]
[Site "Antalya-Belek"]
[Date "2020.01.20"]
[Round "2"]
[White "Yildiz, Mustafa"]
[Black "Tasan, Mehmet Askin"]
[Result "0-1"]
[ECO "C55"]
[WhiteElo "1693"]
[BlackElo "1877"]
[Annotator "NA"]
[PlyCount "146"]
[EventDate "2020.01.19"]
[EventCountry "TUR"]
[SourceTitle "playchess.com"]
[Source "ChessBase"]
[SourceQuality "1"]
[TimeControl "5400+30"]

1. e4 e5 2. Nf3 Nc6 3. Bb5 a6 4. Ba4 Nf6 5. O-O Be7 6. d3 b5 7. Bb3 O-O 8. h3 d6 9. c3 Na5 10. Bc2 c5 {[%emt 0:00:30] C55: Two Knights: 4 d3, 4 d4 exd4 5 e5 and Max Lange Attack} 11. Bg5 (11. Re1 Re8 12. Nbd2 Bf8 13. Nf1 g6 14. Ng3 Nc6 15. Bg5 h6 16. Bd2 {½-½ (16) Pruijssers,R (2557)-Ernst,S (2553) Amstelveen 2019}) 11... Rb8 $146 ({Predecessor:} 11... h6 12. Be3 Nc6 13. Nbd2 Be6 14. Re1 Re8 15. Nf1 Qd7 16. N3h2 Rad8 17. Qe2 Qc7 18. a3 c4 19. d4 exd4 20. cxd4 d5 21. e5 {½-½ (21) Parak,F (1614)-Kunc,M (1410) Valasska Bystrice 2019}) 12. d4 Qc7 13. Nbd2 Nc6 14. d5 Nd8 15. a3 a5 16. Rc1 b4 17. axb4 axb4 18. cxb4 Rxb4 19. b3 Ba6 20. Re1 Nb7 21. Nf1 Bxf1 22. Kxf1 Ra8 23. Bd2 Rb6 24. Ra1 Rba6 25. Rxa6 Rxa6 26. Bd3 Ra7 27. Qc2 Bd8 28. Bc3 Qb6 29. Ra1 Nd7 30. Rxa7 Qxa7 31. Nd2 Nb6 32. Qb2 Nd7 33. Nc4 Bc7 34. Qa3 (34. g3 $16) 34... Qxa3 35. Nxa3 Kf8 (35... Ba5 $14 36. Ba6 Bxc3) 36. Nb5 ({White should try} 36. Ba6 $16 Ba5 37. Bb2 (37. Bxb7 Bxc3 38. Nb5 {[%mdl 64] Double Attack} Bb4 $16)) 36... Bd8 37. Ke2 Ke7 38. Na7 Bc7 39. Nc6+ Ke8 40. Ba6 Nd8 41. Ba5 ({White should play} 41. Na7 $16) 41... Nxc6 42. Bxc7 Nd4+ 43. Kd3 Ke7 44. Bc4 f5 45. exf5 Nxf5 46. Ba5 Nf6 47. b4 cxb4 48. Bxb4 Kd7 49. Bb5+ Ke7 50. Bc6 h5 51. g3 e4+ 52. Kc4 e3 53. fxe3 Nxe3+ 54. Kd3 Nexd5 55. Bd2 Ke6 56. Bb7 Ne7 57. Ke2 d5 58. Kf3 Ne4 59. Be3 g5 60. Bd4 (60. Bc1 $15) 60... Nxg3 61. Bc5 Ngf5 62. h4 Nxh4+ 63. Ke3 Nhf5+ 64. Kf3 Nd6 65. Ba6 Ng6 66. Ke3 Nf5+ 67. Kf2 Nf4 68. Bc8+ Ke5 69. Ba7 g4 70. Bb8+ Ke4 71. Bb7 g3+ 72. Kg1 Ne2+ $19 (72... Ne3 $142 73. Bxf4 Kxf4 74. Bc6 d4 75. Bb5 h4 76. Bc6 d3 77. Bb5 d2 78. Ba4 h3 79. Bb3 h2+ 80. Kh1 Ng4 81. Kg2 Nf2 82. Kf1 h1=Q+ 83. Ke2 Qe1#) 73. Kg2 Ne3+ 0-1

[Event "TUR-ch Veterans 2020"]
[Site "Antalya-Belek"]
[Date "2020.01.20"]
[Round "2"]
[White "Akcun, Fayik"]
[Black "Cetinkaya, Vedat Ali"]
[Result "0-1"]
[ECO "C41"]
[WhiteElo "1671"]
[BlackElo "2026"]
[Annotator "NA"]
[PlyCount "142"]
[EventDate "2020.01.19"]
[EventCountry "TUR"]
[SourceTitle "playchess.com"]
[Source "ChessBase"]
[SourceQuality "1"]
[TimeControl "5400+30"]

1. e4 e5 2. Nf3 d6 3. d4 Nf6 4. Nc3 Nbd7 5. Bc4 Be7 6. O-O O-O 7. h3 c6 8. Bb3 Qc7 9. Be3 b5 {[%emt 0:02:30] C41: Philidor Defence} 10. d5 b4 11. Ne2 $146 ({Predecessor:} 11. Na4 Ba6 12. Re1 c5 13. c3 Nxe4 14. Bc2 Nef6 15. b3 Rfe8 16. c4 Bf8 17. a3 bxa3 18. Rxa3 {1-0 (64) Aigner,M (2263)-Thornally,F (2261) San Francisco 2005}) 11... c5 12. Ng3 Nb6 13. c3 a5 14. cxb4 axb4 15. Nd2 Ba6 16. Re1 Rfc8 17. Rc1 Qb7 ({Better is} 17... g6 $15) 18. Bc2 Bb5 19. Bb1 Qa6 20. b3 (20. Nf5 $11 Bf8 21. Qf3) 20... Bd3 21. Bxd3 Qxd3 22. Qc2 Qxc2 23. Rxc2 Ne8 24. Nf5 Kf8 25. f4 Bf6 26. fxe5 Bxe5 27. Nf3 Nd7 28. Nxe5 Nxe5 29. Rf1 f6 30. Bf4 Nf7 31. Ne3 (31. g4 $11 {remains equal.}) 31... Ra6 32. Nc4 Rca8 33. Rff2 Ke7 (33... Kg8 $17 34. Kf1 Nc7) 34. g4 Nc7 35. Ne3 (35. g5 $11 {remains equal.}) 35... g6 (35... Nb5 $17 36. g5 fxg5) 36. h4 Nb5 37. g5 fxg5 38. Bxg5+ Nxg5 39. hxg5 Nc3 40. Rh2 Rh8 41. Ng4 Kf7 42. Nf6 (42. Rcf2+ $11 Kg7 43. Nf6) 42... h5 43. Rhf2 Ke7 44. Kh2 Rha8 45. Kh3 Rxa2 46. Ng8+ $19 Ke8 47. Rxa2 Rxa2 48. Rf6 Nxe4 49. Re6+ Kf8 50. Rxe4 Kxg8 51. Re6 Kf7 52. Rxd6 Ra3 53. Rd7+ Kf8 54. Rd6 Rxb3+ 55. Kh4 Rd3 56. Rxg6 b3 57. Rb6 Rd4+ 58. Kxh5 Rb4 59. Rf6+ Ke7 60. d6+ Kd7 61. Rf1 b2 62. Rb1 c4 63. g6 c3 64. g7 Rb8 65. Kg6 Kxd6 66. Kf7 Kd5 67. Re1 Kd6 68. Re6+ Kc5 69. Re8 b1=Q 70. g8=Q Qb3+ 71. Kg7 Qxg8+ 0-1

[Event "TUR-ch Veterans 2020"]
[Site "Antalya-Belek"]
[Date "2020.01.20"]
[Round "2"]
[White "Bagci, Hikmet"]
[Black "Yuksel, Mustafa"]
[Result "1-0"]
[ECO "C03"]
[WhiteElo "1603"]
[BlackElo "2004"]
[Annotator "NA"]
[PlyCount "73"]
[EventDate "2020.01.19"]
[EventCountry "TUR"]
[SourceTitle "playchess.com"]
[Source "ChessBase"]
[SourceQuality "1"]
[TimeControl "5400+30"]

1. e4 e6 2. d4 d5 3. Nd2 h6 (3... c5 4. Ngf3 cxd4 5. exd5 Qxd5 6. Bc4 Qd8 7. O-O Nf6 8. Nb3 Nc6 9. Nbxd4 Nxd4 10. Nxd4 Be7 11. c3 O-O 12. Qf3 Qc7 {½-½ (12) Guseinov,G (2666)-Nepomniachtchi,I (2767) Moscow 2019}) 4. Ngf3 Nf6 5. e5 Nfd7 6. c4 {[%emt 0:00:30] C03: French Tarrasch: Unusual Black 3rd moves} c5 7. cxd5 exd5 8. Qb3 Nc6 9. Qxd5 cxd4 $146 ({Predecessor:} 9... Be7 10. e6 fxe6 11. Qxe6 cxd4 {0-1 (52) Dragnev,V (2364)-Torma,R (2417) Budapest 2014}) 10. Bb5 Bc5 11. O-O O-O 12. Bxc6 bxc6 13. Qxc6 Rb8 14. e6 Rb6 15. exf7+ Rxf7 16. Qd5 $11 Rd6 $2 (16... Bb7 $17 17. Qh5 Qf6) 17. Qb3 Rb6 ({Better is} 17... Ba6 $17 18. Nc4 Re6) 18. Qc2 Re6 {[%emt 0:03:30] [#]} 19. Nb3 {[%emt 0:03:30] [#]} (19. b4 $1 $11 {[%mdl 512] remains equal.} Bb6 (19... Bxb4 20. Nxd4) 20. Bb2) 19... Bb6 $2 ({Better is} 19... Rxf3 $1 $19 20. Nxc5 {[#]} (20. gxf3 $2 {is the wrong capture.} Bb7 $17) 20... Nxc5 $1 21. Qxc5 (21. gxf3 $2 {loses.} Qd5 $19) 21... Rg6) 20. Nbxd4 Ref6 21. Be3 Bb7 {[%emt 0:00:00] [#]} 22. Rad1 $1 Qe7 23. Rfe1 Rxf3 $4 (23... Be4 $16 24. Qc8+ Rf8 25. Qc4+ Qf7 26. Qxf7+ R8xf7) 24. gxf3 $4 (24. Nxf3 $18 {was the only winning move.} Bxf3 25. gxf3) 24... Bxd4 $2 (24... Ne5 $19 25. Qa4 Bxd4) 25. Rxd4 (25. Bxd4 $5 Qg5+ 26. Kf1 Bxf3 27. Re8+ Nf8 28. Rd3 Qg2+ {[%mdl 64] Double Attack} 29. Ke1 $14) 25... Ne5 26. Red1 Nxf3+ {[%emt 0:00:38] Double Attack} 27. Kf1 Ba6+ 28. Kg2 Nxd4 29. Rxd4 Qb7+ 30. Kg1 Qe7 31. Qe4 Qc7 32. Qe8+ Rf8 33. Qe6+ Kh8 34. Qxa6 Rf6 35. Qd3 Rf8 36. Rd7 Qe5 $18 37. Qd4 1-0

[Event "TUR-ch Veterans 2020"]
[Site "Antalya-Belek"]
[Date "2020.01.20"]
[Round "2"]
[White "Altin, Halis"]
[Black "Tozaki, Halil"]
[Result "1-0"]
[ECO "B42"]
[WhiteElo "1551"]
[BlackElo "1880"]
[Annotator "NA"]
[PlyCount "51"]
[EventDate "2020.01.19"]
[EventCountry "TUR"]
[SourceTitle "playchess.com"]
[Source "ChessBase"]
[SourceQuality "1"]
[TimeControl "5400+30"]

1. e4 c5 2. Nf3 e6 3. d4 cxd4 4. Nxd4 a6 5. Be3 Nf6 6. Bd3 Nc6 7. Nd2 Qc7 8. O-O Ne5 {[%emt 0:06:30] B42: Sicilian: Kan Variation: 5 Bd3} (8... e5 9. Nxc6 dxc6 10. h4 Be6 11. Qe2 b5 12. a4 Rd8 13. axb5 axb5 14. Ra7 Qb8 15. Ra6 Rc8 16. Nb3 {1-0 (46) Bonev,T (2204)-Vasilev,M (2472) Sunny Beach 2015}) 9. h3 Be7 $146 ({Predecessor:} 9... d5 10. f4 Nc4 11. Bxc4 dxc4 12. c3 Bd7 13. a4 Rc8 14. Qe2 Be7 15. a5 O-O 16. Nc2 {0-1 (31) Jess,A (1839)-Wirth,H (2067) Berlin 2017}) 10. Rc1 d6 11. f4 Nc6 12. c3 Bd7 13. Qf3 Rc8 14. Ne2 e5 15. f5 h5 (15... b5 $142) 16. Nc4 O-O 17. Nb6 Rcd8 18. Nd5 Qb8 $2 (18... Nxd5 19. exd5 f6 20. dxc6 Bxc6) 19. Nxf6+ Bxf6 20. Qxh5 Be8 21. Rf3 d5 22. Rg3 Qd6 23. Bh6 Qe7 (23... Ne7 $142 24. Qg4 g6 25. Bxf8 Kxf8 26. fxg6 dxe4) 24. Rf1 d4 {[%emt 0:07:30] [#]} 25. Bxg7 $1 {[%emt 0:00:30] Remove Defender, Clearance} Rd6 26. Bh6+ 1-0

[Event "TUR-ch Veterans 2020"]
[Site "Antalya-Belek"]
[Date "2020.01.20"]
[Round "3"]
[White "Yilmaz, Turhan"]
[Black "Buker, Muhittin"]
[Result "1/2-1/2"]
[ECO "C47"]
[WhiteElo "2132"]
[BlackElo "2008"]
[Annotator "ChessBase"]
[PlyCount "295"]
[EventDate "2020.01.19"]
[EventCountry "TUR"]
[SourceTitle "playchess.com"]
[Source "ChessBase"]
[SourceQuality "1"]
[TimeControl "5400+30"]

1. e4 e5 2. Nf3 Nf6 3. Nc3 Nc6 4. d4 exd4 5. Nxd4 Bb4 6. Nxc6 dxc6 7. Qxd8+ Kxd8 8. f3 Be6 9. Bg5 h6 10. O-O-O+ Ke7 11. Bh4 g5 12. Bg3 Rac8 13. h4 Nh5 14. Bf2 Bd6 15. g4 Ng3 16. Rh3 Nxf1 17. Rxf1 h5 18. Rg1 hxg4 19. fxg4 gxh4 20. Rxh4 Be5 21. Ne2 Rcg8 22. Rxh8 Rxh8 23. Bd4 Rh2 24. Bxe5 Rxe2 25. Bxc7 Rxe4 26. g5 Bf5 27. Rg2 Kd7 28. Bb8 b6 29. Rf2 Be6 30. b3 a5 31. Kb2 a4 32. Bf4 b5 33. Bd2 Bd5 34. Bf4 Kc8 35. Bd2 Kb7 36. b4 Kc7 37. a3 Kd7 38. Bf4 Ke7 39. Bd2 Ke6 40. Rf6+ Ke7 41. Rf2 Rg4 42. Bf4 Ke6 43. Bd2 Ke5 44. Bc3+ Ke4 45. Bd2 Bc4 46. Bc1 Rh4 47. Bd2 Be6 48. Bc1 Bf5 49. Bd2 Bg6 50. Bc1 Rh3 51. Bd2 Bh5 52. Rf4+ Ke5 53. Rf6 Kd5 54. Rf5+ Ke6 55. Rf6+ Kd7 56. Rf4 Rh2 57. Rd4+ Ke7 58. Re4+ Kd7 59. Rd4+ Ke6 60. Rd8 Bg6 61. Kc3 Ke7 62. Rd4 Rg2 63. Kb2 Ke6 64. Kc3 Rf2 65. Rf4 Re2 66. Rd4 Be4 67. Rd8 Rg2 68. Re8+ Kf5 69. Re7 Bd5 70. Re8 Be6 71. Rd8 Rg1 72. Kb2 Rd1 73. Rd3 Bd5 74. Bc1 Rg1 75. Rd2 Rg4 76. Rf2+ Ke5 77. Bd2 Be6 78. Re2+ Kd5 79. Kc3 Bf5 80. Kb2 Bg6 81. Re7 Rc4 82. Bc3 Rg4 83. Re5+ Kd6 84. Re2 Rxg5 85. Bd2 Rg4 86. Rf2 Ke6 87. Re2+ Be4 88. Rf2 f5 89. Bf4 Rg2 90. Rxg2 Bxg2 91. Be3 Kd5 92. Kc1 Ke4 93. Kd2 Bf1 94. Bc5 f4 95. Bb6 Bc4 96. Ba7 Kf3 97. Bb6 Kg2 98. Ba7 f3 99. Ke1 Bf7 100. Bb6 Bg6 101. Bc5 Bxc2 102. Bb6 Bg6 103. Ba7 Bh5 104. Bc5 Kg3 105. Bf2+ Kf4 106. Kd2 Ke4 107. Kc3 Bf7 108. Kd2 Bd5 109. Kc3 Be6 110. Kd2 Kd5 111. Kc3 Bf5 112. Bc5 Ke5 113. Kd2 Kf4 114. Bf2 Bg6 115. Ke1 Bh7 116. Kd2 Ke4 117. Bc5 Kd5 118. Kc3 Bg6 119. Bf2 Bf7 120. Bc5 Ke4 121. Kd2 Be6 122. Bf2 Bb3 123. Bc5 Kf4 124. Bf2 Bf7 125. Bc5 Kg3 126. Ke1 Bh5 127. Bf2+ Kf4 128. Kd2 Kf5 129. Bc5 Ke4 130. Bf2 Kd5 131. Kc3 Bg6 132. Bc5 Ke5 133. Kd2 Ke4 134. Bf2 Bf7 135. Kc3 Be6 136. Kd2 Bg8 137. Kc3 Kf4 138. Kd2 Be6 139. Ke1 Bf5 140. Kd2 Bg6 141. Ke1 Ke4 142. Kd2 Bh5 143. Bc5 Bg4 144. Bf2 Bh5 145. Bc5 Kd5 146. Kc3 Bg6 147. Bf2 Bf7 148. Bc5 1/2-1/2

[Event "TUR-ch Veterans 2020"]
[Site "Antalya-Belek"]
[Date "2020.01.20"]
[Round "3"]
[White "Tozaki, Halil"]
[Black "Saglam, Sami"]
[Result "1-0"]
[ECO "D06"]
[WhiteElo "1880"]
[BlackElo "1407"]
[Annotator "NA RC"]
[PlyCount "69"]
[EventDate "2020.01.19"]
[EventCountry "TUR"]
[SourceTitle "playchess.com"]
[Source "ChessBase"]
[SourceQuality "1"]
[TimeControl "5400+30"]

1. d4 d5 2. Nf3 Bf5 3. c4 e6 4. Nc3 Nf6 5. Qb3 b6 (5... Nc6 6. cxd5 exd5 7. Bg5 Na5 8. Qa4+ c6 9. Bxf6 gxf6 10. e3 Qb6 11. O-O-O O-O-O 12. Bd3 Bg6 13. Qc2 Nc4 {½-½ (28) Wojtaszek,R (2744)-Grischuk,A (2810) Beijing 2014}) 6. Bg5 {[%emt 0:00:30] D06: Queen's Gambit: Symmetrical and Baltic Defences} Be7 7. Bxf6 Bxf6 8. cxd5 O-O 9. e4 Bg4 10. e5 Bxf3 11. gxf3 Be7 $146 ({Predecessor:} 11... Bg5 12. Rd1 exd5 13. Nxd5 c6 {½-½ (47) Albayrak,A (1673)-Cuenot Delattre,D Nuremberg 2019}) 12. O-O-O exd5 13. Nxd5 c6 14. Nxe7+ Qxe7 15. Bd3 Nd7 16. Be4 Rac8 17. f4 Qh4 18. Qg3 Qh6 19. Kb1 f5 20. Bc2 c5 21. d5 c4 22. Rhg1 b5 (22... Nc5 $142 23. e6 Qf6) 23. Qg5 Qxg5 24. Rxg5 ({Not} 24. fxg5 Nxe5 25. d6 g6 $14) 24... g6 $18 25. h4 Nc5 26. f3 b4 27. Rdg1 b3 28. Bxf5 Kh8 29. Bxc8 Rxc8 30. h5 gxh5 31. e6 bxa2+ 32. Kxa2 Nd3 33. e7 Nxf4 34. Rg8+ Rxg8 35. Rxg8+ 1-0

[Event "TUR-ch Veterans 2020"]
[Site "Antalya-Belek"]
[Date "2020.01.20"]
[Round "3"]
[White "Bagci, Hikmet"]
[Black "Kocak, Sabri"]
[Result "1/2-1/2"]
[ECO "C97"]
[WhiteElo "1603"]
[BlackElo "2086"]
[Annotator "NA"]
[PlyCount "146"]
[EventDate "2020.01.19"]
[EventCountry "TUR"]
[SourceTitle "playchess.com"]
[Source "ChessBase"]
[SourceQuality "1"]
[TimeControl "5400+30"]

1. e4 e5 2. Nf3 Nc6 3. Bb5 a6 4. Ba4 Nf6 5. O-O Be7 6. Re1 b5 7. Bb3 d6 8. c3 O-O 9. h3 Na5 10. Bc2 c5 11. d4 Qc7 12. d5 c4 13. Nbd2 (13. b4 $16) 13... Bd7 14. Nf1 Nb7 15. Ng3 a5 {[%emt 0:01:30] C97: Closed Ruy Lopez: Chigorin Defence: 11 d4 Qc7, sidelines} (15... Nc5 16. Nh2 a5 17. Ng4 Nxg4 18. hxg4 g6 19. Be3 b4 20. g5 Rfb8 21. Qd2 {½-½ (21) Felgaer,R (2575)-Leitao,R (2636) Antofagasta 2015}) 16. Bg5 Nc5 17. Qd2 Rfc8 $146 ({Predecessor:} 17... Rfb8 18. Nh4 b4 19. Nhf5 Bxf5 20. Nxf5 Bd8 21. Re3 Nh5 22. Bxd8 Qxd8 23. Qe2 {0-1 (47) Hanley,J (2213)-Sowray,P (2352) Great Yarmouth 2007}) 18. Nh4 g6 19. f4 h6 20. Bxf6 $2 (20. Bxh6 $16 Nfxe4 21. Nxe4 Bxh4 {[#]} 22. fxe5 $1 dxe5 23. d6) 20... Bxf6 21. Nf3 exf4 22. Qxf4 Bg7 23. h4 Re8 24. Re3 Re7 25. Rae1 Rae8 26. Ne2 b4 27. Ned4 h5 28. Kh1 Na4 (28... Qb6 $17 29. Nd2 Qa6) 29. Bxa4 Bxa4 30. g4 hxg4 31. Qxg4 Bd7 32. Qg3 Be5 33. Nxe5 Rxe5 34. Nf3 Rh5 35. Qf4 Bc8 36. Rg1 Qe7 37. Rg5 Rxg5 38. hxg5 Kg7 39. e5 Rh8+ 40. Kg2 dxe5 41. Qxe5+ $2 ({White should try} 41. Rxe5 $18 Bh3+ 42. Kg3) 41... Qxe5 42. Rxe5 Rd8 43. Nd4 Rxd5 44. Rxd5 Bb7 45. Nc2 $2 (45. Kf2 $11 Bxd5 46. cxb4 axb4 47. Ke3) 45... Bxd5+ 46. Kf2 bxc3 47. bxc3 f6 48. gxf6+ Kxf6 49. Ke3 Ke5 50. Nd4 g5 51. Ne2 Be4 52. Ng3 Bd3 53. Kf3 Kd5 54. Ke3 Kc5 55. Kd2 Kb5 56. Kc1 g4 57. Nh5 Kc5 58. Kd2 Kd5 59. Ke3 Ke5 60. Ng3 Bg6 61. Ne2 Bd3 62. Ng3 Kd5 63. Kd2 Bg6 64. Ke3 Kc5 65. Kd2 $19 Kb5 66. Kc1 Ka4 67. Kb2 Bd3 68. Nh5 Be2 69. Ng3 Bd3 70. Nh5 Kb5 71. Kc1 Kc5 72. Ng3 Kd5 73. Kd2 Ke5 1/2-1/2

[Event "TUR-ch Veterans 2020"]
[Site "Antalya-Belek"]
[Date "2020.01.20"]
[Round "3"]
[White "Altin, Halis"]
[Black "Muratoglu, Salih"]
[Result "0-1"]
[ECO "B00"]
[WhiteElo "1551"]
[BlackElo "1967"]
[Annotator "NA"]
[PlyCount "162"]
[EventDate "2020.01.19"]
[EventCountry "TUR"]
[SourceTitle "playchess.com"]
[Source "ChessBase"]
[SourceQuality "1"]
[TimeControl "5400+30"]

1. e4 b6 2. d4 Bb7 3. Bd3 Nf6 4. Nc3 (4. Qe2 e6 5. Nf3 Be7 6. O-O c5 7. c3 Nc6 8. a3 d5 9. e5 Nd7 10. b4 g5 11. Be3 h6 12. Nbd2 Qc7 13. bxc5 bxc5 14. a4 c4 15. Bc2 Qa5 16. Nb1 {1-0 (29) Saric,I (2628)-Bacrot,E (2730) Bastia 2013}) 4... Nc6 5. Nf3 d6 6. O-O {[%emt 0:01:30] B00: Queen's Fianchetto Defence, Nimzowitsch Defence} e5 7. d5 $146 ({Predecessor:} 7. dxe5 Nxe5 8. Nxe5 dxe5 9. Bg5 Be7 10. Bb5+ {1-0 (37) Mora,C (1562)-Hermida Malagon,A Cartagena 2012}) 7... Ne7 8. Bb5+ Nd7 9. Ng5 h6 10. Nxf7 $2 (10. Qh5 $18 Ng6 11. Nxf7 {[%mdl 64] Decoy} Kxf7 12. Qf5+ Kg8 13. Qxg6 (13. Bxd7 Kh7 $18)) 10... Kxf7 11. Qg4 {[%emt 0:00:30] [#]} Nf6 $1 12. Qe6+ Kg6 13. f4 Bc8 14. f5+ Kh7 15. Qf7 Bd7 16. Bxd7 Qxd7 ({Much less strong is} 16... Nxd7 17. Bxh6 Qe8 18. Qxe8 $17) 17. Rf3 Qe8 18. Qe6 Neg8 19. Bd2 Qxe6 20. fxe6 Be7 21. Raf1 a6 22. h3 b5 23. a3 Rc8 24. g4 c5 25. Re3 b4 26. Na4 Rb8 27. axb4 cxb4 28. c3 bxc3 29. Bxc3 Ne8 30. Rf7 Bg5 31. Re2 Ne7 32. Kh2 Nc7 33. Kg3 Rhe8 34. Ref2 Nb5 35. Bb4 Ng6 36. Kh2 Bf4+ 37. Kh1 Rbc8 38. Nc3 Rc4 $19 (38... Nd4 ) 39. Ba5 Nxc3 40. Bxc3 Rxe4 41. Rd7 Rc8 42. Rf1 Re3 43. h4 Rh3+ 44. Kg2 Rh2+ 45. Kg1 Rxh4 46. Rxd6 Be3+ 47. Kg2 e4 48. Rd7 Rxg4+ 49. Kh3 Rh4+ 50. Kg3 Bf4+ 51. Rxf4 Rxc3+ 52. bxc3 Rxf4 53. e7 Rf3+ 54. Kh2 Nxe7 55. Rxe7 Rxc3 56. Rxe4 Rd3 57. Ra4 Rxd5 58. Rxa6 h5 59. Kh3 g6 60. Kh4 Kh6 61. Rb6 Rd4+ 62. Kh3 Kg7 63. Ra6 g5 64. Kg3 Rf4 65. Rb6 Rf6 66. Rb5 Kg6 67. Ra5 Rc6 68. Kg2 h4 69. Ra4 Kh5 70. Rb4 Rc5 71. Kh3 g4+ 72. Kg2 h3+ 73. Kg3 Rc3+ 74. Kh2 Rc2+ 75. Kh1 g3 76. Rb1 Kg4 77. Ra1 Kf4 78. Kg1 Ke4 79. Rb1 Kd3 80. Rb3+ Rc3 81. Rb1 Kd2 0-1

[Event "TUR-ch Veterans 2020"]
[Site "Antalya-Belek"]
[Date "2020.01.21"]
[Round "4"]
[White "Kocak, Sabri"]
[Black "Tozaki, Halil"]
[Result "1-0"]
[ECO "B43"]
[WhiteElo "2086"]
[BlackElo "1880"]
[Annotator "NA"]
[PlyCount "91"]
[EventDate "2020.01.19"]
[EventCountry "TUR"]
[SourceTitle "playchess.com"]
[Source "ChessBase"]
[SourceQuality "1"]
[TimeControl "5400+30"]

1. e4 c5 2. Nf3 e6 3. d4 cxd4 4. Nxd4 a6 5. Nc3 Qc7 6. Be2 Nf6 7. O-O b5 {[%emt 0:02:30] [#]} 8. f4 {[%emt 0:05:30] B43: Sicilian: Kan Variation: 5 Nc3} (8. Bf3 $1 $16 Bb7 9. e5) (8. a3 Bb7 9. f3 Bd6 10. g3 Bxg3 11. hxg3 Qxg3+ 12. Kh1 Qh3+ 13. Kg1 Qg3+ 14. Kh1 Qh3+ 15. Kg1 Qg3+ 16. Kh1 {½-½ (16) Ulybin,M (2475)-Gleizerov,E (2490) Las Palmas 2019}) 8... b4 9. e5 bxc3 10. exf6 gxf6 11. bxc3 Bb7 12. Rb1 Nc6 13. Bf3 Be7 $146 ({Predecessor:} 13... Rc8 14. Be3 Na5 15. Kh1 Bxf3 16. Nxf3 {0-1 (54) Knittel,L (1890)-Dujardin,F (2062) Cap d'Agde 2008}) 14. Kh1 O-O 15. f5 e5 16. Ne2 Kh8 17. Ng3 Rg8 18. Bd5 Nd8 19. Bxb7 Rb8 20. Qd5 Rxb7 21. Rxb7 Qxb7 $11 22. Rd1 d6 23. c4 Qxd5 24. cxd5 Nb7 25. Be3 Rc8 26. Rb1 Na5 27. Rb4 Bd8 28. Kg1 Nc4 29. Bf2 Kg8 30. Ne4 Kg7 31. g4 a5 32. Rb7 Rc7 33. Rxc7 Bxc7 34. Kg2 Bb6 35. Nxd6 Nxd6 36. Bxb6 Nc4 37. Bc5 e4 38. Kf2 Ne5 39. h3 h5 40. Ke3 hxg4 41. hxg4 Nxg4+ 42. Kxe4 Ne5 43. Bd4 Nd7 44. c4 Kf8 45. c5 Ke7 46. c6 1-0

[Event "TUR-ch Veterans 2020"]
[Site "Antalya-Belek"]
[Date "2020.01.21"]
[Round "4"]
[White "Tofan, Ibrahim"]
[Black "Cetinkaya, Vedat Ali"]
[Result "1-0"]
[ECO "E01"]
[WhiteElo "2082"]
[BlackElo "2026"]
[Annotator "NA"]
[PlyCount "91"]
[EventDate "2020.01.19"]
[EventCountry "TUR"]
[SourceTitle "playchess.com"]
[Source "ChessBase"]
[SourceQuality "1"]
[TimeControl "5400+30"]

1. Nf3 d5 2. g3 Nf6 3. Bg2 Nbd7 4. d4 e6 5. O-O Bd6 6. Bg5 c6 7. Nbd2 h6 8. Bxf6 Nxf6 9. c4 O-O 10. Qc2 Qe7 {[%emt 0:04:30] E01: Catalan: Early deviations} (10... b6 11. e4 Be7 12. Rfd1 Bb7 13. Rac1 Rc8 14. Ne5 dxc4 15. Ndxc4 b5 16. Qb3 a6 17. Ne3 Nd7 18. N3g4 Nxe5 19. Nxe5 {0-1 (59) Moroni,L (2559)-Wojtaszek,R (2738) Batumi 2018}) 11. Rfe1 $146 ({Predecessor:} 11. Rfd1 c5 12. e4 dxe4 13. Nxe4 Nxe4 14. Qxe4 cxd4 15. Nxd4 a6 16. Rac1 Rb8 17. a3 Bc7 18. b4 {1-0 (31) Bai,J (2519)-Mainka,R (2417) Germany 2016}) 11... b6 12. e4 dxe4 13. Nxe4 Nxe4 14. Qxe4 Bb7 15. Ne5 Rac8 16. Rad1 Rc7 17. Nd3 c5 18. Qg4 Bxg2 19. Kxg2 cxd4 20. Qxd4 Rd8 21. Qe4 Rcd7 $11 22. Qf3 Qg5 23. Nc1 Qg6 24. Rd3 Bb4 25. Red1 Rxd3 26. Nxd3 Qf6 27. Qxf6 gxf6 28. Kf3 Kf8 29. Ke2 Bd6 30. b4 Rc8 31. Rc1 Be7 32. c5 bxc5 33. Nxc5 Ke8 34. a3 a5 35. Kd3 f5 36. Kc4 axb4 37. axb4 Bxc5 38. bxc5 Kd7 39. Rd1+ Kc7 40. Ra1 Kb7 41. Kb5 Rd8 42. c6+ Kb8 43. Kb6 Rd6 44. f4 f6 45. Ra5 h5 46. h4 1-0